 Dungeon Crawl Stone Soup version 0.28-a0-1339-ga5422284a4 (webtiles) character file.

Game seed: 7294660210262979557

1092 browni3141 the Carver (level 8, 0/57 (62) HPs)
             Began as a Palentonga Berserker on Dec 28, 2021.
             Was a Believer of Trog.
             Slain by a wight (3 damage)
             ... on level 7 of the Dungeon.
             The game lasted 00:07:46 (6529 turns).

browni3141 the Carver (Palentonga Berserker)        Turns: 6529, Time: 00:07:47

HP:   0/57 (62)     AC: 19    Str: 24    XL:     8   Next: 9%
MP:   8/8           EV:  9    Int: 13    God:    Trog [**....]
Gold: 275           SH:  0    Dex:  9    Spells: 7/7 levels left

rFire   . . .      SeeInvis +   a - +2 long sword
rCold   . . .      Faith    .   x - orb {light}
rNeg    . . .      Spirit   .   m - +0 ring mail
rPois   .          Reflect  .   (no helmet)
rElec   .          Harm     .   (no cloak)
rCorr   .          Rampage  .   u - +2 pair of gloves
Will    .....                   (no barding)
Stlth   ..........              (no amulet)
HPRegen 0.19/turn               h - +6 ring of intelligence
MPRegen 0.11/turn               i - +4 ring of protection

@: on berserk cooldown, slowed, glowing, drained, curled up, very slow
A: large, rugged brown scales 3, see invisible, deformed body, roll 1, armoured
tail, reflexive curl
a: Rolling Charge, Renounce Religion, Berserk, Trog's Hand


You were on level 7 of the Dungeon.
You worshipped Trog.
Trog was pleased with you.
You visited 1 branch of the dungeon, and saw 7 of its levels.
You also visited: Sewer.

You collected 275 gold pieces.

Inventory:

Hand Weapons
 a - a +2 long sword (weapon)
 B - a +0 falchion
 D - a +0 long sword
Missiles
 t - 2 poisoned darts
 v - 4 datura-tipped darts
 y - 5 javelins
Armour
 b - a +0 animal skin
 m - a +0 ring mail (worn)
 u - a +2 pair of gloves (worn)
 x - an orb of light (worn)
Jewellery
 h - a +6 ring of intelligence (left hand)
 i - a +4 ring of protection (right hand)
 H - a ring of poison resistance
Wands
 A - a wand of flame (16)
 F - a wand of paralysis (7)
Scrolls
 c - 2 scrolls of immolation
 d - a scroll of brand weapon {unknown}
 e - a scroll of magic mapping {unknown}
 n - 2 scrolls of fog {unknown}
 r - a scroll of vulnerability {unknown}
 s - 2 scrolls of teleportation {unknown}
 w - a scroll of noise {unknown}
 C - a scroll of blinking {unknown}
 E - a scroll of enchant armour {unknown}
Potions
 f - a potion of flight {unknown}
 g - 3 potions of cancellation {unknown}
 j - a potion of attraction {unknown}
 k - 2 potions of might {unknown}
 l - a potion of invisibility {unknown}
 o - a potion of magic {unknown}
 p - 3 potions of heal wounds {unknown}
 q - 2 potions of haste {unknown}
 z - 2 potions of lignification {unknown}
 G - a potion of resistance {unknown}


   Skills:
 - Level 3.0 Fighting
 * Level 10.0 Long Blades
 - Level 1.5 Armour
 - Level 1.5 Dodging


You had 7 spell levels left.
You didn't know any spells.
Your spell library contained the following spells:

 Spells                   Type           Power      Damage    Failure   Level
 Freeze                   Ice            0%         1d3       43%         1
 Magic Dart               Conj           0%         1d3       43%         1
 Blink                    Tloc           0%         N/A       58%         2
 Searing Ray              Conj           0%         2d4       58%         2
 Frozen Ramparts          Ice            0%         1d2       82%         3
 Gell's Gravitas          Tloc           0%         N/A       82%         3
 Teleport Other           Tloc           0%         N/A       82%         3
 Fulminant Prism          Conj/Hex       0%         3d6       99%         4
 Hailstorm                Conj/Ice       0%         3d3       99%         4
 Leda's Liquefaction      Hex/Erth       0%         N/A       99%         4
 Lee's Rapid Deconstruct  Erth           0%         3d5*      100%        5
 Manifold Assault         Tloc           0%         N/A       100%        5
 Dispersal                Tloc           0%         N/A       100%        6
 Statue Form              Tmut/Erth      0%         N/A       100%        6
 Storm Form               Tmut/Air       0%         N/A       100%        7


Dungeon Overview and Level Annotations

Branches:
Dungeon (7/15)             Temple (0/1) D:5           Sewer (visited)

Altars:
Ashenzari
Hepliaklqana
Ru
Vehumet
Wu Jian
Yredelemnul

Shops:
D:3 [   D:5 !


Innate Abilities, Weirdness & Mutations

You are completely covered in rugged brown scales. (AC +3, +7% HP)
You have supernaturally acute eyesight. (SInv)
Armour fits poorly on your strangely shaped body.
You can roll at nearby foes to attack.
You have a long armoured tail.
You curl defensively after being hit. (AC +7*)


Message History

The meliai zombie is heavily damaged.
The meliai zombie hits you but does no damage. x2
The wight hits you with a +0 long sword.
You feel drained. The wight hits you but does no damage.
The meliai zombie hits you but does no damage.
The meliai zombie barely misses you.
The wight hits you but does no damage. x2
The wight completely misses you.
You hit the meliai zombie.
The meliai zombie is heavily damaged.
The meliai zombie hits you but does no damage.
The meliai zombie barely misses you. The meliai zombie hits you!
The meliai zombie closely misses you. The wight hits you but does no damage.
The wight hits you with a +0 scimitar.
You feel drained.
Unknown command.
You slash the meliai zombie!
The meliai zombie is severely damaged.
The meliai zombie closely misses you.
The meliai zombie hits you but does no damage.
The meliai zombie closely misses you.
The meliai zombie hits you but does no damage.
The wight hits you with a +4 long sword!
You feel drained. The wight hits you but does no damage.
The wight hits you with a +0 scimitar!
You feel drained. The meliai zombie barely misses you.
The meliai zombie hits you but does no damage.
You hit the meliai zombie.
The meliai zombie is severely damaged.
The meliai zombie hits you. The meliai zombie misses you.
The wight hits you with a +4 long sword.
* * * LOW HITPOINT WARNING * * *
The wight barely misses you.
The wight hits you but does no damage. x2
The meliai zombie hits you but does no damage.
The meliai zombie hits you.
* * * LOW HITPOINT WARNING * * *
The wight hits you with a +4 battleaxe.
* * * LOW HITPOINT WARNING * * *
The wight hits you with a +4 long sword.
* * * LOW HITPOINT WARNING * * *
The wight hits you with a +0 long sword.
You die...

.####......#...
...........#...
.........!.....
...............
...............
............#
.......Z....#
.......@z..#
#.....zzz...#
.............#
.##..........#
..............
###.........#.#
#.......... .
#......)....


You could see 4 wights and a meliai zombie.

Vanquished Creatures
  Prince Ribbit (D:5)
  A black bear (D:6)
  Pargi (Sewer)
  A wyvern skeleton (D:6)
  A water moccasin skeleton (D:5)
  3 wights (D:6)
  A bullfrog zombie (D:5)
  A centaur skeleton (D:5)
  A bullfrog skeleton (D:5)
  Natasha (thrice) (D:3)
  4 iguanas
  A statue (D:5)
  5 adders
  3 gnolls (D:4)
  A shadow imp (D:6)
  A white imp (D:4)
  An adder skeleton (D:4)
  4 dart slugs
  8 orcs
  8 ball pythons
  A bat (Sewer)
  11 endoplasms
  8 giant cockroaches
  5 goblins
  6 hobgoblins
  7 kobolds
  5 quokkas
  3 frilled lizards
  5 rats
  2 toadstools (D:1)
103 creatures vanquished.

Vanquished Creatures (others)
  2 toadstools (D:1)
2 creatures vanquished.

Grand Total: 105 creatures vanquished

Notes
Turn   | Place    | Note
-------+----------+-------------------------------------------
     0 | D:1      | browni3141 the Palentonga Berserker began the quest for the
                  | Orb.
     0 | D:1      | Reached XP level 1. HP: 19/19 MP: 1/1
   525 | D:1      | Found a faded altar of an unknown god.
   578 | D:1      | Reached XP level 2. HP: 25/25 MP: 2/2
  1075 | D:2      | Reached skill level 4 in Long Blades
  1287 | D:2      | Reached XP level 3. HP: 31/31 MP: 3/3
  2038 | D:3      | Noticed Natasha
  2052 | D:3      | Reached XP level 4. HP: 37/37 MP: 4/4
  2056 | D:3      | Killed Natasha
  2057 | D:3      | Reached skill level 5 in Long Blades
  2249 | D:3      | Found an ornate altar of the Wu Jian Council.
  2260 | D:3      | Noticed Natasha
  2269 | D:3      | Killed Natasha
  2476 | D:3      | Found a hazy altar of Hepliaklqana.
  2478 | D:3      | Reached ** piety under Trog
  2574 | D:3      | Found Osoofeat's Armour Shop.
  2637 | D:3      | Noticed Natasha
  2643 | D:3      | Killed Natasha
  2644 | D:3      | Reached XP level 5. HP: 43/43 MP: 5/5
  2922 | D:3      | Found a broken altar of Ashenzari.
  2978 | D:4      | Reached skill level 6 in Long Blades
  3436 | D:4      | Found a glowing drain.
  3442 | Sewer    | Entered a sewer
  3449 | Sewer    | Noticed Pargi
  3453 | Sewer    | Killed Pargi
  3454 | Sewer    | Reached skill level 7 in Long Blades
  3454 | Sewer    | Reached XP level 6. HP: 50/50 MP: 6/6
  3976 | D:4      | Found a sacrificial altar of Ru.
  4307 | D:5      | Entered Level 5 of the Dungeon
  4538 | D:5      | Found Luror's Distillery.
  4754 | D:5      | Found a basalt altar of Yredelemnul.
  4840 | D:5      | Found a staircase to the Ecumenical Temple.
  4850 | D:5      | Reached skill level 8 in Long Blades
  4850 | D:5      | Gained mutation: You curl defensively after being hit. (AC
                  | +7*) [Palentonga growth]
  4850 | D:5      | Reached XP level 7. HP: 55/55 MP: 7/7
  5010 | D:5      | Noticed Prince Ribbit
  5031 | D:5      | Killed Prince Ribbit
  5032 | D:5      | Reached skill level 9 in Long Blades
  5189 | D:5      | Found a radiant altar of Vehumet.
  6324 | D:6      | Reached skill level 10 in Long Blades
  6324 | D:6      | Reached XP level 8. HP: 62/62 MP: 8/8
  6529 | D:7      | Slain by a wight

Illustrated notes

Levels and vault maps discovered:
D:1:      ldierk_water_garden, layout_basic, hellmonk_ecumenical_altar_blasted,
          corexii_leaking_fountain, minmay_pentomino_t2
D:2:      layout_rooms, chequers_serial_rivers_small_3, kennysheep_minor_cross
D:3:      layout_loops_ring, mainiacjoe_overflow_24_doors, lemuel_round_altar,
          mainiacjoe_overflow_catwalk, serial_shops, shop, uniq_natasha
D:4:      layout_loops_corners, mainiacjoe_overflow_alcove_2,
          gup_sewer_entry_bubbles
D:5:      layout_cave_pods, vehumet_statue, kennysheep_mini_moat,
          minmay_temple_entry_statues_pillars, serial_shops, nicolae_shop_stone,
          uniq_prince_ribbit1
D:6:      layout_basic
D:7:      layout_rooms, pdpol_temple_overflow_zin_treasury_gozag_greed,
          minmay_lizard_king, uniq_maggie

Skill      XL: |  1  2  3  4  5  6  7 |
---------------+----------------------+-----
Long Blades    | 4 5 7 8 10 | 10.0
Fighting       | |  3.0
Armour         | |  1.5
Dodging        | |  1.5

Action                   |  1- 3 |  4- 6 |  7- 9 || total
-------------------------+-------+-------+-------++-------
Melee: Falchion          |   127 |   135 |    32 ||   294
       Tailslap          |     5 |    13 |     4 ||    22
       Long sword        |       |       |    29 ||    29
Invok: Berserk           |     3 |     6 |     3 ||    12
 Abil: Rolling Charge    |    28 |    23 |    10 ||    61
Armor: Animal skin       |    24 |       |       ||    24
       Ring mail         |     7 |    47 |    31 ||    85
Dodge: Dodged            |    38 |    40 |    28 ||   106

Table legend: (Time is in decaauts)
 A = Elapsed time spent in this place.
 B = Non-inter-level travel time spent in this place.
 C = Inter-level travel time spent in this place.
 D = Time resting spent in this place.
 E = Time spent auto-exploring this place.
 F = Levels seen in this place.
 G = Mean time per level.
                   A        B        C        D        E       F      G
               +--------+--------+--------+--------+--------+-----+--------+
         Total |   6667 |   6390 |    277 |    820 |   4668 |   8 |  833.4 |
       Dungeon |   6469 |   6192 |    277 |    802 |   4554 |   7 |  924.1 |
         Sewer |    197 |    197 |      0 |     18 |    114 |   1 |  197.0 |
               +--------+--------+--------+--------+--------+-----+--------+

Top non-repeatable levels by time:
     D:6: 1219 daAuts
     D:4: 1179 daAuts
     D:3: 1123 daAuts
     D:1: 1075 daAuts
     D:5: 1005 daAuts
     D:2: 857 daAuts
   Sewer: 197 daAuts
     D:7: 9 daAuts
